cohdb
Replays
Latest Replays
All Replays
Popular Replays
Top Player Replays
Match Explorer
How It Works
Community
CoH3 Stats
Reddit
Sign in to upload your games and track your stats! →
Sign in with Steam
Match 42630219
Unlisted
Match 42630219
Overview
Messages
Build Orders
End
Construct Barracks
Riflemen Squad
Riflemen Squad
Grenade Package
Construct Weapon Support Center
Riflemen Squad
M1919 Machine Gun Team
Bazooka Squad
Mechanized Support Center
Construct Motor Pool
M8 Greyhound Armored Car
Selects Heavy Weapons
Selects M2HB .50cal Heavy Machine Gun
Selects Gallant Stand
Engineer Squad
Construct Medical Station
M1 Anti-tank Gun Team
.30 cal Machine Gun
M1919 Machine Gun Team
M1 Mortar Team
Bazooka Squad
M1 Anti-tank Gun Team
Selects Black Dragon Artillery Barrage
Selects Assault Carriers
Selects Exchangeable Parts
Black Dragon Artillery Barrage
.30 cal Machine Gun
matrix4x4
blindstep
0
0
Comments
sign in to comment!
No comments posted yet!